 Dungeon Sprint DCSS version 0.21.1-1-g345015f (webtiles) character file.

179 doot the Skirmisher (level 5, -7/53 HPs)
             Began as a Draconian Berserker on June 7, 2018.
             Was a Follower of Trog.
             Killed from afar by a deep elf mage (19 damage)
             ... with a bolt of lightning
             ... in the Dungeon (Sprint V: "Ziggurat Sprint").
             The game lasted 00:06:13 (125 turns).

doot the Skirmisher (Draconian Berserker)            Turns: 125, Time: 00:06:14

Health: -7/53      AC:  5    Str: 27    XL:     5   Next: 33%
Magic:  5/5        EV: 16    Int:  7    God:    Trog [*.....]
Gold:   0          SH:  0    Dex: 16    Spells: 4/4 levels left

rFire    . . .     SeeInvis .   b - +10 dark maul {crush}
rCold    . . .     Gourm    .   (shield currently unavailable)
rNeg     . . .     Faith    .   (armour unavailable)
rPois    .         Spirit   .   (helmet restricted)
rElec    .         Reflect  .   (no cloak)
rCorr    .         Harm     .   (no gloves)
MR       .....     NoTele   +   (no boots)
Stlth    +.........             (no amulet)
HPRegen  0.17/turn              w - +6 ring of strength
MPRegen  0.09/turn              s - +6 ring of dexterity

@: flying (expiring)
A: unfitting armour, cold-blooded, AC +5
a: Berserk, Burn Spellbooks, Renounce Religion


You were in the Dungeon.
You worshipped Trog.
Trog was aware of your devotion.
You were not hungry.

You visited 1 branch

Inventory:

Hand Weapons
 a - the +9 heavy crossbow "Sniper" {velocity, Acc+∞ SInv}
   (You found it in the Dungeon)

   Any bolt fired from it inflicts extra damage.
   It lets you see invisible.
 b - the +10 dark maul (weapon) {crush}
   (You found it in the Dungeon)

   It inflicts extra damage upon your enemies.
 E - the +7 great mace "Firestarter" {inner flame, rF++}
   (You found it in the Dungeon)

   It has been specially enchanted to burn those struck by it, causing extra
   injury to most foes and up to half again as much damage against particularly
   susceptible opponents.
   It greatly protects you from fire.
Missiles
 D - 1000 arrows
 F - 999 bolts
 G - 1000 sling bullets
Armour
 H - a +5 crystal plate armour
 I - +5 fire dragon scales
 J - +5 gold dragon scales
 K - +5 ice dragon scales
 L - a +5 plate armour
 M - +5 shadow dragon scales
 N - +5 storm dragon scales
 O - a +3 buckler
 P - a +3 large shield
 Q - a +3 shield
Jewellery
 s - a +6 ring of dexterity (right hand)
 t - a +6 ring of dexterity
 u - a +6 ring of intelligence
 v - a +6 ring of intelligence
 w - a +6 ring of strength (left hand)
 x - a +6 ring of strength
Wands
 y - a wand of disintegration (7)
 z - a wand of iceblast (7)
 A - a wand of acid (7)
Scrolls
 g - 4 scrolls of blinking
 n - 7 scrolls of fog
 o - a scroll of holy word
 p - 5 scrolls of identify
 q - 5 scrolls of remove curse
 r - 2 scrolls of fear
 R - 4 scrolls of amnesia
Potions
 c - 10 potions of heal wounds
 d - 6 potions of haste
 e - 7 potions of magic
 f - 3 potions of berserk rage
 h - 2 potions of brilliance
 i - 2 potions of invisibility
 j - 4 potions of resistance
 k - a potion of experience
 l - 5 potions of agility
 m - 5 potions of might
 B - 10 potions of curing
Books
 S - a book of Conjurations

   Spells                             Type                      Level
   a - Magic Dart                     Conjuration                  1
   b - Searing Ray                    Conjuration                  2
   c - Dazzling Spray                 Conjuration/Hexes            3
   d - Fulminant Prism                Conjuration/Hexes            4
   e - Force Lance                    Conjuration/Translocation    4
   f - Iskenderun's Mystic Blast      Conjuration                  4
   Trog disapproves of the use of such an item.
 T - a book of the Earth

   Spells                             Type                      Level
   a - Leda's Liquefaction            Hexes/Earth                  4
   b - Bolt of Magma                  Conjuration/Fire/Earth       5
   c - Statue Form                    Transmutation/Earth          6
   d - Iron Shot                      Conjuration/Earth            6
   e - Shatter                        Earth                        9
   Trog disapproves of the use of such an item.
Comestibles
 C - 7 rations


   Skills:
 + Level 7.7 Fighting
 + Level 6.3 Dodging
 - Level 7.0 Unarmed Combat


You had 4 spell levels left.
You didn't know any spells.

Dungeon Overview and Level Annotations

Branches:
Dungeon (1/1)

Altars:
Ashenzari
Cheibriados
Dithmenos
Elyvilon
Fedhas
Gozag
Hepliaklqana
Kikubaaqudgha
Makhleb
Nemelex Xobeh
Okawaru
Qazlal
Ru
Sif Muna
Trog
Uskayaw
Vehumet
Wu Jian
Xom
Yredelemnul
Zin
The Shining One
Beogh
Jiyva
Lugonu

Annotations:
D 1 transporter


Innate Abilities, Weirdness & Mutations

Your plain brown scales are hard. (AC +5)
You cannot fit into any form of body armour.
You are cold-blooded and may be slowed by cold attacks.


Message History

The deep elf mage shouts!
A vortex of raging winds appears around the air elemental!
The air elemental closely misses you. The air elemental hits you!
The air elemental barely misses you.
b - the +10 dark maul (weapon)
{crush} The vortex of raging winds lifts you up.
You fly up into the air.
The air elemental barely misses you.
The air elemental hits you but does no damage.
You miss the air elemental.
You are engulfed in raging winds.
You float gracefully downwards.
The vortex of raging winds lifts you up.
You fly up into the air.
The winds around the air elemental start to calm down.
The air elemental closely misses you. The air elemental hits you!
* * * LOW HITPOINT WARNING * * *
The air elemental misses you. The air elemental barely misses you.
The air elemental hits you but does no damage.
The deep elf mage gestures at you while chanting.
The bolt of lightning hits you!
You die...

▓▓▓▓▓▓▓▓▓▓▓▓▓
▓.8©8.▓.8©8.▓
▓.(}).▓.....▓
▓§§§§§▓.....▓
▓§§§§§▓.....▓
▓§§§@§▓.....▓
▓§eE§§▓..©..▓
▓§§e§§▓▓▓▓▓▓▓
▓▓▓▓▓▓▓


You could see a deep elf archer, a deep elf mage and an air elemental.

Vanquished Creatures
  A flying skull (D)
  A mummy (D)
2 creatures vanquished.

Notes
Turn   | Place    | Note
-------+----------+-------------------------------------------
     0 | D        | Found the +6 Majin-Bo {vamp, Archmagi MP+6 Int+6}
     0 | D        | Found the +7 great mace "Firestarter" {inner flame, rF++}
     0 | D        | doot the Draconian Berserker began the quest for the Orb.
     0 | D        | Reached XP level 1. HP: 19/19 MP: 1/1
     0 | D        | Found a deep blue altar of Sif Muna.
     0 | D        | Found a sacrificial altar of Ru.
     0 | D        | Found a bloodstained altar of Trog.
     0 | D        | Found a stormy altar of Qazlal.
     0 | D        | Found an iron altar of Okawaru.
     0 | D        | Found a sparkling altar of Nemelex Xobeh.
     0 | D        | Found a blossoming altar of Fedhas.
     2 | D        | Found a transporter.
     2 | D        | Found an ancient bone altar of Kikubaaqudgha.
     2 | D        | Found a viscous altar of Jiyva.
     2 | D        | Found a corrupted altar of Lugonu.
     2 | D        | Found a hazy altar of Hepliaklqana.
     2 | D        | Found a burning altar of Makhleb.
     2 | D        | Found an opulent altar of Gozag.
    23 | D        | Found the +9 heavy crossbow "Sniper" {velocity, Acc+∞ SInv}
    23 | D        | Found the +10 dark maul {crush}
    23 | D        | Found the +15 Maxwell's patent armour {-Cast -Tele rElec MR+ rCorr}
    23 | D        | Found the +18 shield of the Gong {rElec rN+ MR+ EV-5}
    23 | D        | Found the cursed +14 obsidian axe {chop, +Fly SInv *Curse}
    24 | D        | Found the +6 shillelagh "Devastator" {shatter}
    24 | D        | Found the +11 plutonium sword {*Contam Stlth-}
    24 | D        | Found the +8 lance "Wyrmbane" {slay drac, rPois rF+ rC+ AC+3}
    24 | D        | Found the +9 sword of Zonguldrok {reap}
    24 | D        | Found the cursed +13 scythe of Curses {drain, *Curse}
    24 | D        | Found the +0 sword of Power
    24 | D        | Found the +15 mace of Variability {chaos}
    24 | D        | Found the +7 Singing Sword
    24 | D        | Found the +7 longbow "Piercer" {penet, EV-2}
   105 | D        | Entered arena 2.
   105 | D        | Noticed a flying skull
   105 | D        | Found a transporter.
   106 | D        | Killed a flying skull
   106 | D        | Reached XP level 2. HP: 34/34 MP: 2/2
   106 | D        | Reached XP level 3. HP: 39/39 MP: 3/3
   106 | D        | Reached XP level 4. HP: 47/47 MP: 4/4
   106 | D        | Reached XP level 5. HP: 52/52 MP: 5/5
   122 | D        | Entered arena 3.
   122 | D        | Noticed a deep elf archer
   122 | D        | Noticed an air elemental
   122 | D        | Noticed a deep elf mage
   122 | D        | Found a transporter.
   125 | D        | Killed from afar by a deep elf mage

Skill      XL: |  1  2  3  4  5 |
---------------+----------------+-----
Fighting       | 7 |  7.7
Dodging        | 6 |  6.3
Unarmed Combat | 6 7 |  7.0

Action                   |  1- 3 |  4- 6 || total
-------------------------+-------+-------++-------
Melee: Maul              |       |     2 ||     2
 Fire: Heavy crossbow    |     1 |     1 ||     2
Armor: Skin              |       |     2 ||     2
Dodge: Dodged            |       |     6 ||     6
